 Dungeon Crawl Stone Soup version 0.29-a0-243-g602b31c20e (webtiles) character file.

Game seed: 16022752171305056484

16 spaghetti the Skirmisher (level 2, -2/19 HPs)
             Began as a Deep Elf Chaos Knight on Mar 5, 2022.
             Was a Plaything of Xom.
             Frozen to death by an endoplasm (5 damage)
             ... on level 1 of the Dungeon.
             The game lasted 00:01:07 (257 turns).

spaghetti the Skirmisher (Deep Elf Chaos Knight)     Turns: 257, Time: 00:01:07

Health: -2/19      AC:  5    Str:  9    XL:     2   Next: 37%
Magic:  4/4        EV: 12    Int: 16    God:    Xom [..*...]
Gold:   16         SH:  0    Dex: 14    Spells: 1/1 levels left

rFire   . . .      SeeInvis .   e - +0 short sword {short}
rCold   . . .      Faith    .   (no shield)
rNeg    . . .      Spirit   .   a - +2 leather armour
rPois   .          Reflect  .   (no helmet)
rElec   .          Harm     .   (no cloak)
rCorr   .          Rampage  .   (no gloves)
Will    .....                   (no boots)
Stlth   +.........              (no amulet)
HPRegen 0.06/turn               (no ring)
MPRegen 0.09/turn               (no ring)

@: no status effects
A: no striking features
a: Renounce Religion


You were on level 1 of the Dungeon.
You worshipped Xom.
You were a toy of Xom.
You visited 1 branch of the dungeon, and saw 1 of its levels.

You collected 16 gold pieces.


   Skills:
 - Level 3.0 Fighting
 - Level 0.7 Armour
 + Level 2.8 Dodging
 - Level 2.4 Unarmed Combat


You had one spell level left.
You didn't know any spells.
Your spell library was empty.

Inventory:

Hand Weapons
 c - a +0 club {mace}
   (You took it off a goblin on level 1 of the Dungeon)
 e - a +0 short sword (weapon) {short}
   (You took it off a kobold on level 1 of the Dungeon)
Missiles
 d - 3 stones (quivered) {throwing}
Armour
 a - a +2 leather armour (worn)
Scrolls
 f - 3 scrolls of noise {unknown}

Dungeon Overview and Level Annotations

Branches:
Dungeon (1/15)

Altars:

.......#....##.#.....†......##
.........#............>.......
...........#.......###########
...#...#.........#
#.)...##......#
#.(..###......##+###+###+
#.....#...#...)..#..........
#....####.J......#......##..
#...# ###@.....#..........
#..# #......##+###'###' #..
#......# #...#.† .. .......#
#.<.#.. ..#.###.# #######
...#.# ... .. .# . ... ..


You could see an endoplasm.


Message History

A goblin is nearby!
The goblin shouts!
A goblin comes into view. It is wielding a +2 dagger of speed.
The goblin shouts!
You hit the goblin.
An endoplasm comes into view.
The goblin hits you but does no damage. The goblin barely misses you.
You hit the goblin.
You kill the goblin!
A ball python comes into view.
The goblin closely misses you. x2
You barely miss the goblin. The goblin barely misses you.
A quokka comes into view.
The ball python hisses angrily.
You hit the goblin.
You hear an angry hiss.
A ball python comes into view.
The goblin hits you with a +2 dagger of speed.
The goblin closely misses you. 😕 HP[-4]
You take 4 damage, and now have 15/19 hp.
MASSIVE DAMAGE!! (PAUSE)
You closely miss the goblin. Xom grants you a minor favour.
You feel better. The goblin hits you but does no damage.
The goblin barely misses you. 😎 HP[+4]
Your hp is fully restored (19).
You barely miss the goblin. The goblin barely misses you.
The endoplasm freezes you.
You are frozen. 😮 HP[-5]
You take 5 damage, and now have 14/19 hp.
MASSIVE DAMAGE!! (PAUSE) It was a potion of heal wounds.
You feel much better.
The goblin hits you with a +2 dagger of speed.
The goblin closely misses you. 😕 HP[+3]
You regained 3 hp, and now have 17/19 hp.
You barely miss the goblin.
The goblin hits you with a +2 dagger of speed. 😕 HP[-1]
You take 1 damage, and now have 16/19 hp.
You completely miss the goblin. The goblin barely misses you.
The goblin hits you with a +2 dagger of speed. 😕 HP[-1]
You take 1 damage, and now have 15/19 hp.
You barely miss the goblin. The goblin hits you but does no damage.
The goblin hits you with a +2 dagger of speed. 😮 HP[-1]
You take 1 damage, and now have 14/19 hp.
You completely miss the goblin. The goblin hits you but does no damage.
The goblin closely misses you.
You closely miss the goblin. The goblin closely misses you.
You hit the goblin.
You kill the goblin!
You hit the ball python.
You kill the ball python!
The ball python bites you but does no damage.
The ball python grabs you. The ball python constricts you.
You barely miss the ball python. The ball python barely misses you.
The ball python constricts you.
You hit the ball python. The ball python barely misses you.
The ball python constricts you.
You hit the ball python but do no damage.
You punch the ball python.
You kill the ball python!
The quokka closely misses you.
You barely miss the quokka. The quokka bites you. 😮 HP[-3]
You take 3 damage, and now have 11/19 hp.
You hit the quokka. The quokka closely misses you.
You hit the quokka but do no damage. The quokka completely misses you.
The quokka misses you.
You closely miss the quokka. The quokka completely misses you.
You closely miss the quokka. The quokka bites you.
* * * LOW HITPOINT WARNING * * *
😨 HP[-3]
You take 3 damage, and now have 8/19 hp.
You hit the quokka.
You kill the quokka!
You hit the endoplasm. The endoplasm freezes you.
You are frozen.
* * * LOW HITPOINT WARNING * * *
😨 HP[-3]
You take 3 damage, and now have 5/19 hp.
You hit the endoplasm but do no damage. The endoplasm freezes you.
You are frozen.
* * * LOW HITPOINT WARNING * * *
😱 HP[-2]
You take 2 damage, and now have 3/19 hp.
You are too injured to fight recklessly!
Unknown command.
You hit the endoplasm but do no damage. The endoplasm freezes you.
You are frozen.
You die...

Skill      XL: |  1 |
---------------+----+-----
Fighting       | 3 |  3.0
Armour         | |  0.7
Dodging        | |  2.8
Unarmed Combat | |  2.4

Action                   || total
-------------------------++-------
Melee: Unarmed           ||    37
       Club              ||    14
       Short sword       ||    25
       Punch             ||     1
  Use: Potion            ||     1
Armor: Leather armour    ||    26
Dodge: Dodged            ||    49

Levels and vault maps discovered:
D:1:      dpeg_arrival_prison, layout_rooms

Notes
Turn   | Place    | Note
-------+----------+-------------------------------------------
     0 | D:1      | spaghetti the Deep Elf Chaos Knight began the quest for the
                  | Orb.
     0 | D:1      | Reached XP level 1. HP: 13/13 MP: 3/3
     0 | D:1      | magus.rc [v1.9.6]
    10 | D:1      | XOM: silly message
    88 | D:1      | XOM: potion effect (heal wounds)
   100 | D:1      | XOM: potion effect (heal wounds)
   119 | D:1      | XOM: smoke on damage
   123 | D:1      | Reached skill level 3 in Fighting
   123 | D:1      | Reached XP level 2. HP: 17/19 MP: 4/4
   230 | D:1      | XOM: potion effect (curing)
   256 | D:1      | HP: 3/19 [frozen (2)]
   257 | D:1      | Frozen to death by an endoplasm

Vanquished Creatures
  2 ball pythons (D:1)
  An endoplasm (D:1)
  3 giant cockroaches (D:1)
  3 goblins (D:1)
  2 kobolds (D:1)
  A quokka (D:1)
  A rat (D:1)
13 creatures vanquished.

Table legend:
 A = Non-vault XP
 B = Vault XP
 C = Vault XP percentage of total XP
 D = Non-vault monster count
 E = Vault monster count
 F = Vault count percentage of total count
                 A         B        C        D         E       F
            +---------+---------+-------+---------+---------+-------
      Total |      16 |       7 |  30.4 |       9 |       4 |  30.8
            +---------+---------+-------+---------+---------+-------
        D:1 |      16 |       7 |  30.4 |       9 |       4 |  30.8
            +---------+---------+-------+---------+---------+-------

Illustrated notes

Table legend:
 A = Kills in this place as a percentage of kills in entire the game.
 B = Kills by you in this place as a percentage of kills by you in the entire game.
 C = Kills by friends in this place as a percentage of kills by friends in the entire game.
 D = Other kills in this place as a percentage of other kills in the entire game.
 E = Experience gained in this place as a percentage of experience gained in the entire game.
 F = Experience gained in this place divided by the number of levels of this place that you have seen.
                   A       B       C       D       E      F
               +-------+-------+-------+-------+-------+----------------------
         Total | 100.0 | 100.0 |   N/A |   N/A | 100.0 |  23.0
       Dungeon | 100.0 | 100.0 |   N/A |   N/A | 100.0 |  23.0
               +-------+-------+-------+-------+-------+----------------------

Table legend: (Time is in decaauts)
 A = Elapsed time spent in this place.
 B = Non-inter-level travel time spent in this place.
 C = Inter-level travel time spent in this place.
 D = Time resting spent in this place.
 E = Time spent auto-exploring this place.
 F = Levels seen in this place.
 G = Mean time per level.
                   A        B        C        D        E       F      G
               +--------+--------+--------+--------+--------+-----+--------+
         Total |    261 |    261 |      0 |      0 |    143 |   1 |  261.0 |
       Dungeon |    261 |    261 |      0 |      0 |    143 |   1 |  261.0 |
               +--------+--------+--------+--------+--------+-----+--------+

Top non-repeatable levels by time:
     D:1: 261 daAuts
